 Dungeon Crawl Stone Soup version 0.29-a0-506-ga2e7fffb44 (webtiles) character file.

Game seed: 13257957957422867603

87 kyalle the Skirmisher (level 4, 0/44 HPs)
             Began as a Naga Fighter on May 28, 2022.
             Slain by Grinder (2 damage)
             ... on level 3 of the Dungeon.
             The game lasted 00:05:47 (2494 turns).

kyalle the Skirmisher (Naga Fighter)                Turns: 2494, Time: 00:05:47

Health: 0/44       AC:  6    Str: 21    XL:     4   Next: 51%
Magic:  4/4        EV:  7    Int:  8    God:
Gold:   106        SH:  5    Dex: 16    Spells: 3/3 levels left

rFire   . . .      SeeInvis +   a - +0 trident
rCold   . . .      Faith    .   c - +0 buckler
rNeg    . . .      Spirit   .   b - +1 scale mail
rPois   +          Reflect  .   (no helmet)
rElec   .          Harm     .   (no cloak)
rCorr   .          Rampage  .   (no gloves)
Will    .....                   (no barding)
Stlth   ..........              f - amulet of the acrobat
HPRegen 0.14/turn               j - +6 ring of dexterity
MPRegen 0.09/turn               (no ring)

@: very slow
A: AC +1, large, see invisible, deformed body, poison resistance, slowness 2,
spit poison 1, naga tail 1
a: Spit Poison


You were on level 3 of the Dungeon.
You visited 1 branch of the dungeon, and saw 3 of its levels.

You collected 106 gold pieces.

Inventory:

Hand Weapons
 a - a +0 trident (weapon)
Armour
 b - a +1 scale mail (worn)
 c - a +0 buckler (worn)
Jewellery
 f - an amulet of the acrobat (around neck)
 j - a +6 ring of dexterity (left hand)
Scrolls
 g - a scroll of fog {unknown}
 h - 2 scrolls of blinking
 i - a scroll of magic mapping {unknown}
 k - a scroll of identify
Potions
 d - 2 potions of might


   Skills:
 * Level 3.9 Fighting
 * Level 3.0 Polearms
 + Level 2.8 Armour
 + Level 3.0 Shields


You had 3 spell levels left.
You didn't know any spells.
Your spell library contained the following spells:

 Spells                   Type           Power      Damage    Failure   Level
 Chain Lightning          Conj/Air       0%         N/A       100%        9
 Fire Storm               Conj/Fire      0%         5d1       100%        9
 Shatter                  Erth           0%         3d5*      100%        9


Dungeon Overview and Level Annotations

Branches:
Dungeon (3/15)

Altars:

Annotations:
D:3 Grinder


Innate Abilities, Weirdness & Mutations

Your serpentine skin is tough. (AC +1)
You have supernaturally acute eyesight. (SInv)
Armour fits poorly on your strangely shaped body.
Your system is resistant to poisons. (rPois)
You cover ground very slowly.
You can spit poison.
You have a snake-like lower body.


Message History

Grinder hits you.
You writhe in agony.
You can move again.
You hit Grinder but do no damage. You block Grinder's attack.
You puncture Grinder!
Grinder is moderately wounded.
Grinder hits you but does no damage.
You closely miss Grinder.
Grinder is moderately wounded.
Grinder hits you.
You barely miss Grinder.
Grinder is moderately wounded.
Grinder hits you!
* * * LOW HITPOINT WARNING * * *
You writhe in agony.
* * * LOW HITPOINT WARNING * * *
You feel much better. Grinder hits you.
You writhe in agony.
Aiming: Spit Poison (1% risk of failure)
Press: ? - help, Shift-Dir - straight line, f - Grinder
Aim: Grinder (moderately wounded, 54% to hit)
The splash of poison misses Grinder.
You block Grinder's attack.
You hit Grinder.
Grinder is moderately wounded.
Grinder closely misses you. Grinder hits you!
You writhe in agony.
You barely miss Grinder.
Grinder is moderately wounded.
You have got your breath back.
Grinder closely misses you.
You hit Grinder.
Grinder is heavily wounded.
Grinder hits you but does no damage.
You completely miss Grinder.
Grinder is heavily wounded.
Grinder hits you.
* * * LOW HITPOINT WARNING * * *
You hit Grinder.
Grinder is heavily wounded.
Grinder hits you!
* * * LOW HITPOINT WARNING * * *
You writhe in agony.
You die...

#...........
#..........
.........
..........
.........
.... ..#
#5###.####
#@.......#
#........##
#.........#
#.........#
#.###.###.#
#.# #.# #.#
#.# #.# #.#
.# ### #.#
#.# #.#


You could see Grinder.

Vanquished Creatures
  3 adders
  3 dart slugs (D:2)
  An orc (D:3)
  5 ball pythons
  A bat (D:3)
  7 endoplasms
  4 giant cockroaches (D:1)
  6 goblins
  5 hobgoblins
  A kobold (D:2)
  A quokka (D:1)
  5 frilled lizards
  7 rats
49 creatures vanquished.

Notes
Turn   | Place    | Note
-------+----------+-------------------------------------------
     0 | D:1      | kyalle the Naga Fighter began the quest for the Orb.
     0 | D:1      | Reached XP level 1. HP: 21/21 MP: 1/1
   231 | D:1      | Reached XP level 2. HP: 27/28 MP: 2/2
   713 | D:1      | Reached XP level 3. HP: 17/34 MP: 3/3
  1153 | D:1      | Found a faded altar of an unknown god.
  1719 | D:2      | Reached XP level 4. HP: 24/44 MP: 4/4
  2474 | D:3      | Noticed Grinder
  2481 | D:3      | Paralysed by Grinder for 3 turns
  2494 | D:3      | HP: 2/44 [Grinder (7)]
  2494 | D:3      | Slain by Grinder

Illustrated notes

Levels and vault maps discovered:
D:1:      lightli_arrival_chessboard, layout_loops_ring,
          chequers_ecumenical_altar_grove
D:2:      layout_basic
D:3:      wad_lake_hut, layout_rooms, uniq_grinder

Skill      XL: |  1  2  3  4 |
---------------+-------------+-----
Shields        | 3 |  3.0
Polearms       | 3 |  3.0
Fighting       | |  3.9
Armour         | |  2.8

Action                   |  1- 3 |  4- 6 || total
-------------------------+-------+-------++-------
Melee: Trident           |   113 |    34 ||   147
 Abil: Spit Poison       |     3 |     1 ||     4
  Use: Scroll            |       |     5 ||     5
       Potion            |       |     1 ||     1
Armor: Scale mail        |    48 |    17 ||    65
Dodge: Dodged            |    51 |    25 ||    76
Block: Buckler           |    17 |     7 ||    24

Table legend: (Time is in decaauts)
 A = Elapsed time spent in this place.
 B = Non-inter-level travel time spent in this place.
 C = Inter-level travel time spent in this place.
 D = Time resting spent in this place.
 E = Time spent auto-exploring this place.
 F = Levels seen in this place.
 G = Mean time per level.
                   A        B        C        D        E       F      G
               +--------+--------+--------+--------+--------+-----+--------+
         Total |   3065 |   2946 |    119 |      0 |   2300 |   3 | 1021.7 |
       Dungeon |   3065 |   2946 |    119 |      0 |   2300 |   3 | 1021.7 |
               +--------+--------+--------+--------+--------+-----+--------+

Top non-repeatable levels by time:
     D:1: 1447 daAuts
     D:2: 1336 daAuts
     D:3: 281 daAuts
